Map: Ever Dream LE

Players

DragonBlade

  • Race: Protoss Protoss
  • League: Master
  • Spawn Location: 7:00

Lambo - Winner!

  • Race: Zerg Zerg
  • League: Master
  • Spawn Location: 1:00

VOD

Have the link to the VOD?

Description

Time

  • Played on: March 17, 2020, 11:11 a.m.
  • Length: 12:14
Show
View Real Time Build Order
Export as new Build Order

DragonBlade Protoss 

Build Orders: 1 Gate Expand, Chargelot Immortal, Mass Adepts 

Get SALT Encoding   

  12  0:00  Probe  
  13  0:13  Probe  
  14  0:18  Pylon  
  14  0:25  Probe  
  15  0:37  Probe  
  15  0:38  Gateway  
  16  0:46  Assimilator  
  16  0:49  Probe  
  17  1:01  Probe  
  18  1:19  Nexus  
  18  1:27  Cybernetics Core  
  18  1:32  Zealot (Chrono Boost)  
  18  1:37  Probe  
  21  1:44  Pylon  
  21  1:49  Probe  
  22  2:01  Adept (Chrono Boost), Probe  
  25  2:13  Probe  
  26  2:21  Adept (Chrono Boost)  
  26  2:23  Warp Gate (Chrono Boost)  
  26  2:25  Probe  
  29  2:34  Probe  
  30  2:37  Probe  
  30  2:43  Adept  
  33  2:44  Gateway  
  33  2:46  Probe  
  33  2:50  Probe  
  35  2:55  Gateway  
  36  2:58  Probe  
  36  3:02  Probe  
  37  3:10  Probe  
  38  3:14  Adept, Probe  
  39  3:22  Probe  
  39  3:26  Probe  
  41  3:34  Probe  
  41  3:36  Adept  
  41  3:38  Probe  
  43  3:42  Adept  
  43  3:44  Pylon  
  43  3:46  Pylon  
  43  3:47  Probe  
  46  4:00  Nexus  
  46  4:01  Pylon  
  46  4:02  Probe x2  
  48  4:04  Adept  
  50  4:14  Adept, Probe  
  50  4:16  Probe  
  54  4:18  Twilight Council  
  54  4:24  Adept  
  56  4:26  Gateway, Probe  
  56  4:27  Shield Battery  
  56  4:28  Adept  
  56  4:30  Probe  
  60  4:38  Zealot, Probe  
  63  4:43  Probe  
  64  4:46  Pylon  
  64  4:52  Assimilator  
  64  4:53  Zealot x2  
  64  4:54  Probe  
  64  4:55  Probe  
  70  5:05  Charge (Chrono Boost)  
  70  5:06  Zealot  
  70  5:07  Probe x2  
  73  5:14  Probe  
  75  5:16  Gateway x2  
  75  5:19  Probe x2  
  75  5:20  Zealot x2  
  72  5:30  Zealot x2  
  75  5:36  Robotics Facility  
  75  5:43  Zealot x2  
  76  5:53  Zealot x2, Pylon  
  80  6:03  Gateway  
  80  6:06  Zealot x2  
  80  6:11  Gateway x2  
  78  6:14  Zealot x2  
  78  6:15  Zealot x2  
  82  6:20  Immortal (Chrono Boost)  
  84  6:29  Pylon  
  84  6:31  Zealot x2  
  87  6:36  Zealot  
  87  6:37  Zealot x3  
  84  6:42  Probe x2  
  80  6:51  Probe  
  81  6:54  Zealot x2  
  81  6:56  Immortal (Chrono Boost)  
  76  7:08  Zealot x5  
  74  7:18  Probe x2  
  74  7:19  Probe  
  74  7:24  Pylon  
  74  7:29  Zealot x3  
  77  7:30  Zealot x2  
  77  7:35  Warp Prism (Chrono Boost)  
  83  7:38  Zealot  
  83  7:40  Zealot  
  83  7:41  Probe  
  89  7:50  Pylon  
  88  7:51  Zealot, Sentry  
  88  7:52  Zealot x2  
  88  7:53  Zealot  
  98  7:59  Zealot  
  100  8:10  Pylon  
  100  8:11  Pylon  
  100  8:19  Zealot x4  
  108  8:30  Immortal (Chrono Boost)  
  108  8:33  Zealot x5  
  118  8:50  Zealot x3  
  118  8:51  Zealot  
  88  9:07  Immortal (Chrono Boost), Probe  
  88  9:08  Probe x2  
  95  9:10  Assimilator  
  95  9:11  Assimilator, Zealot x4  
  95  9:12  Zealot x2  
  107  9:22  Zealot x2, Sentry  
  113  9:27  Forge  
  113  9:50  Zealot x6  
  121  10:06  Immortal (Chrono Boost)  
  103  10:08  Probe  
  102  10:14  Templar Archives  
  102  10:17  Zealot x2  
  102  10:18  Zealot  
  102  10:19  Zealot x5  
  114  10:22  Photon Cannon  
  114  10:27  Photon Cannon  
  114  10:31  Pylon  
  114  10:35  Zealot  
  116  10:36  Psionic Storm  
  116  10:58  High Templar x2  
  116  10:59  High Templar, Photon Cannon  
  122  11:08  High Templar, Pylon  
  122  11:09  Shield Battery  
  124  11:12  Pylon  
  124  11:14  Probe x2  
  124  11:15  Assimilator, Probe  
  127  11:19  Stalker  
  127  11:20  Stalker x2  
  129  11:27  Probe x2  
  129  11:29  Stalker x2  
  129  11:30  Probe  
  131  11:42  Shield Battery  
  131  11:44  Pylon  
  131  11:45  Zealot x3  
  134  11:51  Zealot x3  
  135  11:55  Pylon  
  134  12:05  Archon  
Show
View Real Time Build Order
Export as new Build Order

Lambo Zerg - Winner!

Build Orders: Hatch First 

Get SALT Encoding   

  12  0:01  Drone  
  13  0:13  Overlord  
  13  0:18  Drone  
  14  0:31  Drone x2  
  16  0:48  Hatchery  
  15  0:52  Drone  
  15  0:56  Drone  
  17  1:00  Drone  
  18  1:10  Extractor  
  17  1:15  Spawning Pool  
  17  1:17  Drone  
  17  1:21  Drone  
  18  1:29  Drone  
  19  1:41  Drone  
  20  1:53  Drone  
  21  2:01  Queen  
  21  2:02  Queen  
  21  2:03  Zergling x2  
  21  2:05  Overlord  
  26  2:12  Drone x2  
  26  2:14  Metabolic Boost  
  28  2:24  Drone x2  
  30  2:34  Hatchery  
  30  2:35  Zergling x2  
  30  2:37  Zergling x2  
  30  2:44  Zergling x2  
  32  2:45  Overlord  
  32  2:51  Queen  
  32  2:55  Zergling x2  
  35  3:03  Drone  
  36  3:10  Overlord  
  35  3:13  Zergling x2  
  35  3:15  Zergling x2  
  35  3:16  Drone x3  
  39  3:24  Drone  
  39  3:25  Drone  
  39  3:37  Drone x2  
  39  3:41  Queen  
  41  3:47  Drone x2  
  41  3:48  Overlord  
  45  3:49  Drone x3  
  48  4:00  Drone  
  48  4:01  Drone x2  
  51  4:10  Overlord  
  51  4:12  Overlord  
  51  4:13  Roach Warren, Zergling x8  
  53  4:18  Extractor  
  53  4:20  Overlord  
  53  4:22  Zergling x6  
  55  4:27  Drone  
  55  4:28  Overlord  
  56  4:33  Drone x3  
  56  4:34  Drone  
  56  4:36  Extractor  
  59  4:38  Zergling x2  
  59  4:39  Zergling x2  
  59  4:44  Zergling x6  
  64  4:47  Zergling x8  
  64  4:50  Overlord  
  68  4:55  Overlord  
  68  4:57  Overlord  
  68  4:59  Overlord  
  68  5:10  Overlord  
  68  5:11  Overlord  
  68  5:13  Roach x4  
  76  5:17  Roach x2  
  76  5:20  Roach  
  78  5:26  Roach x3  
  81  5:31  Roach x2  
  85  5:36  Roach  
  86  5:43  Roach x2  
  86  5:47  Roach x4  
  96  5:52  Roach x2  
  98  5:57  Roach x2  
  98  6:01  Roach, Zergling x2  
  105  6:06  Roach  
  105  6:10  Roach x2  
  107  6:13  Zergling x4  
  107  6:17  Zergling x6  
  110  6:22  Zergling x6  
  113  6:29  Roach x3  
  115  6:34  Zergling x6  
  113  6:44  Ravager  
  106  6:48  Drone x8  
  106  6:53  Roach x2  
  109  7:00  Ravager  
  109  7:01  Roach x2  
  110  7:02  Roach  
  110  7:04  Drone  
  110  7:07  Drone x2  
  109  7:11  Drone x3  
  101  7:19  Drone x3  
  94  7:23  Roach, Zergling x2  
  94  7:24  Roach x3  
  94  7:28  Lair  
  97  7:32  Drone  
  97  7:33  Drone  
  97  7:34  Drone x2  
  97  7:36  Extractor  
  100  7:39  Roach  
  100  7:43  Roach  
  108  7:44  Roach x4  
  108  7:46  Roach  
  108  7:49  Baneling Nest  
  108  7:50  Roach  
  115  7:51  Roach  
  115  7:53  Ravager  
  115  7:54  Zergling x2  
  115  7:55  Zergling x2  
  115  7:58  Roach  
  122  8:01  Zergling x6  
  122  8:03  Queen  
  127  8:06  Roach x2  
  127  8:09  Extractor  
  130  8:14  Roach x4, Zergling x2  
  130  8:16  Roach  
  130  8:19  Zergling x4  
  143  8:22  Roach, Zergling x2  
  143  8:25  Evolution Chamber  
  145  8:27  Zergling x2  
  145  8:33  Overlord  
  146  8:36  Baneling x9  
  146  8:37  Overlord  
  146  8:44  Zergling x6  
  138  8:50  Zergling x18  
  138  8:53  Roach  
  139  8:57  Roach x2  
  142  9:07  Extractor  
  142  9:08  Evolution Chamber  
  142  9:09  Drone x3  
  143  9:11  Spire  
  143  9:14  Ravager  
  143  9:17  Baneling x4  
  143  9:21  Drone x2  
  145  9:31  Hatchery  
  144  9:38  Zerg Melee Weapons Level 1  
  144  9:40  Zergling x22  
  155  9:45  Zergling x6  
  155  9:46  Zergling x2  
  155  9:48  Zergling x2  
  157  9:53  Zergling x2  
  157  9:54  Zergling x2  
  147  10:03  Zergling x10  
  146  10:08  Glial Reconstitution  
  145  10:15  Queen  
  147  10:22  Centrifical Hooks  
  147  10:25  Mutalisk x4  
  147  10:28  Drone  
  156  10:30  Mutalisk  
  158  10:40  Mutalisk  
  160  10:42  Overlord  
  160  10:43  Drone x2  
  160  10:47  Overlord  
  160  10:48  Mutalisk  
  164  10:50  Mutalisk  
  164  10:54  Mutalisk  
  168  11:02  Unknown, Overlord  
  167  11:04  Roach x4  
  167  11:06  Baneling x3  
  175  11:11  Roach x2  
  175  11:13  Overlord  
  179  11:18  Roach x2  
  199  11:32  Roach x3  
  199  11:33  Roach x5  
  199  11:44  Zergling x10  
  200  11:47  Baneling x15  
  200  11:50  Zergling x4  
  200  11:52  Baneling x4  
Tags
 
Add a new tag
Caveats
  • Supply blocks, unpowered buildings, or Contaminate may cause inaccurate times.
  • Supply counts are checked every 10 seconds.